 Dungeon Crawl Stone Soup version 0.17.1-1-g73c8601 (webtiles) character file.

3028 ololoev the Cleaver (level 9, -1/68 HPs)
             Began as a Demonspawn Fighter on Dec 18, 2015.
             Was a Believer of Makhleb.
             Succumbed to a killer bee's poison
             ... on level 1 of the Orcish Mines.
             The game lasted 00:25:47 (4254 turns).

ololoev the Cleaver (Demonspawn Fighter)            Turns: 4254, Time: 00:25:47

Health: -1/68      AC: 14    Str: 20    XL:     9   Next: 56%
Magic:  1/13       EV: 10    Int:  9    God:    Makhleb [**....]
Gold:   454        SH:  9    Dex: 18    Spells: 0 memorised, 8 levels left

rFire  . . .     SeeInvis .     a - +1 war axe
rCold  . . .     Clarity  .     p - +0 chain mail
rNeg   . . .     SustAt   .     c - +0 shield
rPois  .         Gourm    .     (no helmet)
rElec  .         Spirit   +     o - +0 cloak
rCorr  .         Warding  .     (no gloves)
rMut   .         Stasis   .     l - +0 pair of boots
MR     .....                    (no amulet)
Stlth  ..........               (no ring)
                                (no ring)

@: agile, lethally poisoned (-1 -> -28), not resistant to hostile enchantments,
extremely unstealthy
A: hooves 1, molten scales 1, magic shield, magic regeneration
a: Minor Destruction, Renounce Religion


Innate Abilities, Weirdness & Mutations

You have large cloven feet.
You are partially covered in molten scales (AC +1).
When hurt, damage is shared between your health and your magic reserves.
You regenerate magic rapidly.

Inventory:

Hand Weapons
 a - a +1 war axe (weapon)
Missiles
 j - 2 throwing nets (quivered)
Armour
 c - a +0 shield (worn)
 l - a +0 pair of boots (worn)
 o - a +0 cloak (worn)
 p - a +0 chain mail (worn)
Wands
 d - a wand of disintegration (0)
 m - a wand of polymorph (0)
Scrolls
 b - a scroll of random uselessness
 f - 2 scrolls of amnesia
 g - a scroll of immolation {unknown}
 k - a scroll of magic mapping {unknown}
 n - a scroll of teleportation {unknown}
 s - a scroll of recharging {unknown}
 t - a scroll of enchant armour {unknown}
 x - a scroll of summoning {unknown}
Potions
 q - a potion of cure mutation
 v - a potion of agility
Comestibles
 e - 2 bread rations
 h - 2 royal jellies
 i - a beef jerky
 u - 3 chunks of flesh


   Skills:
 + Level 5.4 Fighting
 * Level 9.1 Axes
 + Level 6.7 Armour
 - Level 2.6 Shields
 + Level 5.4 Invocations


You had 8 spell levels left.
You didn't know any spells.


You were on level 1 of the Orcish Mines.
You worshipped Makhleb.
Makhleb was pleased with you.
You were not hungry.

You visited 3 branches of the dungeon, and saw 11 of its levels.
You also visited: Sewer.

You collected 454 gold pieces.

..... ##
...
....##.#
o..##...#..
..(....$...
..........
...#...oo#
.......oy##
......oyo@#
.....o.oo##
......oo##
......o.#
.......##
......#
##....
#.... .....

Notes
Turn   | Place    | Note
--------------------------------------------------------------
     0 | D:1      | ololoev the Demonspawn Fighter began the quest for the Orb.
     0 | D:1      | Reached XP level 1. HP: 18/18 MP: 1/1
    92 | D:2      | Gained mutation: You are partially covered in molten scales (AC +1). [demonic ancestry]
    92 | D:2      | Reached XP level 2. HP: 20/24 MP: 2/2
   466 | D:2      | Reached XP level 3. HP: 21/29 MP: 3/3
   826 | D:4      | Gained mutation: When hurt, damage is shared between your health and your magic reserves. [demonic ancestry]
   826 | D:4      | Reached XP level 4. HP: 18/35 MP: 4/4
   854 | D:5      | Entered Level 5 of the Dungeon
   865 | D:5      | Reached skill level 4 in Axes
   872 | D:5      | Reached XP level 5. HP: 22/41 MP: 5/5
   882 | D:5      | Found Qayta's Armour Shop.
   940 | D:5      | Noticed a centaur
   943 | D:5      | Found a shimmering altar of Xom.
   949 | D:5      | Killed a centaur
   949 | D:5      | Reached XP level 6. HP: 8/47 MP: 2/6
  1258 | D:5      | Reached skill level 5 in Axes
  1424 | D:6      | Gained mutation: You have large cloven feet. [demonic ancestry]
  1424 | D:6      | Reached XP level 7. HP: 21/52 MP: 7/7
  1443 | D:6      | Found a glowing drain.
  1487 | Sewer    | Entered a sewer
  1505 | Sewer    | Noticed ololoev's ghost (weakling DsFi)
  1554 | D:7      | Found a staircase to the Ecumenical Temple.
  1568 | Temple   | Entered the Ecumenical Temple
  1702 | Temple   | Became a worshipper of Makhleb the Destroyer
  1746 | D:7      | Reached skill level 6 in Axes
  1779 | D:7      | Noticed Duvessa
  1782 | D:7      | Noticed Dowan
  1795 | D:7      | Killed Dowan
  1795 | D:7      | Reached skill level 5 in Armour
  1797 | D:7      | Killed Duvessa
  1922 | D:7      | Reached skill level 1 in Invocations
  1962 | D:7      | Noticed Prince Ribbit
  1974 | D:7      | Killed Prince Ribbit
  1974 | D:7      | Reached skill level 7 in Axes
  1974 | D:7      | Gained mutation: You regenerate magic rapidly. [demonic ancestry]
  1974 | D:7      | Reached XP level 8. HP: 36/58 MP: 6/9
  2077 | D:7      | Reached * piety under Makhleb
  2784 | D:8      | Noticed Gastronok
  2890 | D:8      | Reached skill level 8 in Axes
  3180 | D:8      | Reached XP level 9. HP: 66/66 MP: 12/12
  3538 | D:8      | Found a snail-covered altar of Cheibriados.
  3541 | D:9      | Noticed a centaur skeleton
  3694 | D:8      | HP: 3/66 [poisoned by a deep elf mage (bolt of poison)]
  3699 | D:8      | HP: 3/66 [poisoned by a deep elf mage (bolt of poison)]
  3706 | D:8      | HP: 2/66 [poisoned by a deep elf mage (bolt of poison)]
  4069 | D:9      | Killed a centaur skeleton
  4069 | D:9      | Reached skill level 5 in Fighting
  4076 | D:9      | Reached ** piety under Makhleb
  4090 | D:9      | Reached skill level 5 in Invocations
  4149 | D:9      | Noticed a centaur zombie
  4171 | D:9      | Killed a centaur zombie
  4171 | D:9      | Reached skill level 9 in Axes
  4207 | D:9      | Found a radiant altar of Vehumet.
  4218 | D:9      | Found a staircase to the Orcish Mines.
  4243 | Orc:1    | Entered Level 1 of the Orcish Mines
  4243 | Orc:1    | Noticed an orc knight
  4253 | Orc:1    | HP: 2/68 [orc knight/long sword of slicing (2)]
  4254 | Orc:1    | Succumbed to a killer bee's poison

Dungeon Overview and Level Annotations

Branches:
Dungeon (9/15)             Temple (1/1) D:7             Orc (1/4) D:9
   Lair: D:8-11

Altars:
Cheibriados
Elyvilon
Makhleb
Qazlal
Sif Muna
Trog
Vehumet
Xom
Zin
The Shining One

Shops:
D:5 [

Annotations:
D:8 Gastronok


Message History

You feel sick. The killer bee misses you.
The killer bee stings you but does no damage.
You block the orc warrior's attack. The killer bee stings you.
You are more poisoned.
The killer bee poisons you!
Unknown command.
You feel sick. The killer bee misses you.
The orc knight roars a battlecry!
The orc goes into a battle-frenzy!
The orc wizard barely misses you.
Unknown command.
You hit the killer bee.
The killer bee is severely wounded.
You hit the killer bee but do no damage.
The killer bee is lightly wounded.
You hit the orc wizard but do no damage.
You feel sick.
The killer bee stings you but does no damage. x2
The killer bee closely misses you. x2
You block the orc wizard's attack.
The killer bee stings you but does no damage.
Unknown command.
Unknown command.
You miss the killer bee.
The killer bee is lightly wounded.
You completely miss the orc knight. You barely miss the orc wizard.
You feel sick. The killer bee stings you.
You are more poisoned.
The killer bee poisons you!
The killer bee stings you but does no damage.
The orc knight hits you with a long sword of slicing.
Unknown command.
Read which item? (? for menu, Esc to quit)
Okay, then.
You hit the killer bee.
The killer bee is moderately wounded.
You slash the orc warrior!
The orc warrior is moderately wounded.
You hit the orc knight but do no damage.
You die...

You could see an orc knight, 4 orc warriors, 2 killer bees, an orc wizard (frenzied) and 5 orcs.

Vanquished Creatures
  A centaur zombie (D:9)
  Prince Ribbit (D:7)
  A deep elf mage (D:9)
  A hungry ghost (D:8)
  A hippogriff (D:7)
  A sky beast (D:6)
  Duvessa (D:7)
  An ogre (D:8)
  A phantom (D:8)
  A centaur (D:5)
  A brain worm (D:7)
  A gnoll sergeant (D:9)
  2 giant frogs
  Dowan (D:7)
  A scorpion (D:7)
  4 wights (D:8)
  2 killer bees (D:9)
  2 crimson imps
  2 hounds
  A giant frog skeleton (D:5)
  A jelly (D:8)
  An orc priest (D:7)
  2 centaur skeletons
  A quasit (D:7)
  4 worker ants
  4 orc wizards
  A killer bee zombie (D:9)
  A hound skeleton (D:7)
  A worker ant zombie (D:7)
  5 adders
  8 gnolls
  A river rat (D:6)
  2 shadow imps
  An ooze (D:7)
  An adder zombie (D:8)
  A worm (D:2)
  2 giant geckos
  12 orcs
  4 giant cockroaches
  2 goblins
  2 hobgoblins (D:1)
  2 quokkas
  A ball python (D:5)
  6 bats
  4 giant newts
  8 jackals
  5 kobolds
  6 rats
116 creatures vanquished.

Action                   |  1- 3 |  4- 6 |  7- 9 || total
-------------------------+-------+-------+-------++-------
Melee: War axe           |   102 |    88 |   434 ||   624
       Unarmed           |       |       |     8 ||     8
Invok: Minor Destruction |       |       |     1 ||     1
Evoke: Wand              |       |       |     9 ||     9
  Use: Potion            |     1 |     3 |     6 ||    10
       Scroll            |       |     4 |     3 ||     7
  Eat: Chunk             |       |     2 |     5 ||     7
       Meat ration       |       |       |     2 ||     2

Vault maps used:
D:1:      dpeg_arrival_arbitrary_c
D:2:      minmay_misc_feat_tiny
D:3:      old_standard_altar, roderic_roman_lattice
D:4:      lemuel_coloured_pillars_altar, first_bread, uniq_sigmund,
          uniq_blork_the_orc
D:5:      serial_shops, shop, basic_altar, minivault_25, minmay_misc_feat_cross,
          uniq_menkaure
D:6:      marbit_many_paths, minitemple, portal_sewer_entry_b, st_stairs_14
D:7:      minmay_temple_entry_mist, uniq_duvessa, uniq_prince_ribbit1
D:8:      basic_altar, uniq_gastronok
D:9:      vehumet_crystals, kennysheep_mini, orc_0_dummy
Temple:   hc_temple_tempest_star
Orc:1:    serial_shops, shop
Sewer:    sewer_minmay_treatment
